 Dungeon Crawl Stone Soup version 0.17-a0-1570-g74b7129 (webtiles) character file.

33520 Chiseanne the Fighter (level 13, -6/116 HPs)
             Began as a Demonspawn Wanderer on July 23, 2015.
             Was an Initiate of Gozag.
             Mangled by a troll (9 damage)
             ... led by an orc knight
             ... on level 3 of the Orcish Mines.
             The game lasted 01:32:01 (31377 turns).

Chiseanne the Fighter (Demonspawn Wanderer)        Turns: 31377, Time: 01:32:01

Health: -6/116     AC: 15    Str: 13    XL:     13   Next: 37%
Magic:  13/13      EV: 15    Int: 20    God:    Gozag
Gold:   37         SH:  7    Dex: 14    Spells: 0 memorised, 12 levels left

rFire  + . .     SeeInvis +     a - +3 scimitar (flame)
rCold  + . .     Clarity  +     h - +0 ring mail of Spite {rC+ rCorr} (curse)
rNeg   . . .     SustAt   .     c - +2 buckler
rPois  +         Gourm    .     q - +0 helmet
rElec  .         Spirit   .     x - +0 cloak {rPois}
rCorr  +         Warding  .     (no gloves)
rMut   .         Stasis   .     (boots unavailable)
MR     .....                    g - amulet of clarity
Stlth  +.........               G - ring of see invisible
                                U - ring of Munulo {AC+4 Int+3}

@: about to teleport, heavily drained, not resistant to hostile enchantments,
very unstealthy
A: talons 3, rugged brown scales 2, demonic guardian 1, fire resistance 1, flame
cloud immunity
a: Potion Petition, Call Merchant, Bribe Branch, Renounce Religion


You were on level 3 of the Orcish Mines.
You worshipped Gozag.
Gozag was noncommittal.
You were not hungry.

You visited 3 branches of the dungeon, and saw 17 of its levels.
You also visited: Ossuary.

You collected 5312 gold pieces.
You spent 1953 gold pieces at shops.
You paid 3322 gold pieces to Gozag.

Inventory:

Hand weapons
 a - a +3 scimitar of flaming (weapon)
 d - a +2 dagger of draining
 f - a +1 vampiric broad axe
 s - a +2 antimagic flail
 w - a +0 blowgun
 V - a +0 scimitar
Missiles
 l - 12 bolts of frost
 r - 55 poisoned needles
 t - 3 tomahawks of returning
 y - a curare-tipped needle
 z - 28 bolts
 D - 8 sling bullets of flame
 I - a throwing net (quivered)
 M - 15 sling bullets of frost
 O - 32 sling bullets
Armour
 c - a +2 buckler (worn)
 h - the cursed +0 ring mail of Spite (worn) {rC+ rCorr}
   (You found it on level 12 of the Dungeon)

   It protects you from cold.
   It protects you from acid and corrosion.
   It has a curse placed upon it.
 q - a +0 helmet (worn)
 x - a +0 cloak of poison resistance (worn)
 H - a +2 cloak of invisibility
 Y - the +2 ring mail "Delef" {rC+ Dex+4}
   (You bought it in a shop on level 10 of the Dungeon)

   It affects your dexterity (+4).
   It protects you from cold.
Jewellery
 g - an amulet of clarity (around neck)
 G - a ring of see invisible (right hand)
 U - the ring of Munulo (left hand) {AC+4 Int+3}
   (You found it on level 10 of the Dungeon)

   [ring of protection]

   It affects your AC (+4).
   It affects your intelligence (+3).
 W - an uncursed ring of protection from cold
Magical devices
 C - a wand of teleportation (0)
Scrolls
 b - a scroll of recharging
 e - 2 scrolls of identify
 i - 6 scrolls of remove curse
 m - a scroll of silence
 B - a scroll of blinking
 E - a scroll of enchant armour
 K - 7 scrolls of fog
 R - 2 scrolls of amnesia
 T - a scroll of immolation
 X - 2 scrolls of magic mapping
Potions
 k - a potion of cancellation
 n - 4 potions of flight
 o - a potion of cure mutation
 u - a potion of brilliance
Books
 v - a book of Summonings

   Spells                             Type                      Level
   a - Recall                         Summoning/Translocation      3
   b - Aura of Abjuration             Summoning                    5
   c - Shadow Creatures               Summoning                    5
   d - Summon Demon                   Summoning                    5
   e - Summon Forest                  Summoning/Translocation      5
   f - Summon Mana Viper              Hexes/Summoning              5
 A - a Necronomicon

   Spells                             Type                      Level
   a - Haunt                          Necromancy/Summoning         7
   b - Borgnjor's Revivification      Necromancy                   8
   c - Death's Door                   Charms/Necromancy            8
   d - Necromutation                  Transmutation/Necromancy     8
Miscellaneous
 p - a phial of floods (inert)
 Z - a stone of tremors (inert)
Comestibles
 j - 4 meat rations


   Skills:
 + Level 13.0(11.2) Fighting
 * Level 6.8(5.3) Long Blades
   Level 1.0(0.0) Polearms
 - Level 10.7(9.0) Armour
 * Level 10.6(8.9) Dodging
 + Level 6.5(5.0) Shields
   Level 1.7(0.4) Charms
   Level 1.1(0.0) Necromancy


You had 12 spell levels left.
You didn't know any spells.

Dungeon Overview and Level Annotations

Branches:
Dungeon (12/15)            Temple (1/1) D:4            Lair (0/8) D:8
    Orc (4/4) D:11            Elf (0/3) Orc:3

Altars:
Ashenzari
Cheibriados
Dithmenos
Elyvilon
Fedhas
Gozag
Kikubaaqudgha
Makhleb
Nemelex Xobeh
Okawaru
Qazlal
Ru
Sif Muna
Trog
Vehumet
Xom
Yredelemnul
Zin
The Shining One

Shops:
D:4 =%   D:10 [[   D:11 [   Orc:1 ?   Orc:3 :   Orc:4 %??:(

Annotations:
D:6 kinazarov's ghost, experienced FoMo
D:11 Snorg
D:12 Rupert


Innate Abilities, Weirdness & Mutations

You have claws for feet.
You are mostly covered in rugged brown scales (AC +2, +5% HP).
A weak demonic guardian rushes to your aid.
Your flesh is heat resistant.
You are immune to clouds of flame.


Message History

* * * LOW HITPOINT WARNING * * *
Evoke which item? (* to show all) (? for menu, Esc to quit)
Zapping:
C - a wand of teleportation {zapped: 2} (will waste charges)
Press: ? - help, Shift-Dir - straight line, f - you You feel strangely unstable.
Evoking this partially-identified wand wasted a few charges.
The troll bites you.
* * * LOW HITPOINT WARNING * * *
The troll closely misses you. The troll misses you.
The orc high priest hits you but does no damage.
Drink which item? (? for menu, Esc to quit)
Okay, then.
Use which ability? (? or * to list)
You need at least 400 gold to purchase potions right now!
Unknown command.
You hit the orc high priest. You burn the orc high priest.
The orc high priest is almost dead.
You block the ogre's attack. The troll bites you!
You die...
Your body crumbles into a pile of gold.

#......#........##
##...............#
#.........#...#.##
##...o.........##
#...............#
#.oo.T.........##
##4##....o..#...#
#oTO##.#.#......##
##@########.[....#
### ##)....#
##<.)...#
#[[.#..## ##.#...#
####.## ###


You could see an orc high priest, a troll, a sixfirhy, an ogre and 2 orcs.

Vanquished Creatures
  Maud (D:12)
  Josephine (D:11)
  A hydra (D:11)
  Erica (D:11)
  The ghost of Tyryt0 the Blocker, an experienced MiFi of the Shining One (D:11)
  Urug (Orc:3)
  2 orc high priests (Orc:4)
  An unseen horror (D:11)
  3 hill giants
  4 orc knights (Orc:4)
  A griffon (D:12)
  2 cyclopes
  5 orc sorcerers
  Maurice (Orc:3)
  A gargoyle (D:12)
  2 kobold demonologists (D:12)
  3 two-headed ogres
  2 trolls
  Sigmund (D:2)
  A wyvern (D:8)
  4 wraiths
  2 vampire mosquitoes (D:10)
  2 hungry ghosts
  A deep elf mage (D:12)
  14 yaks
  A water moccasin (D:11)
  A soldier ant (D:11)
  A necrophage (D:10)
  22 orc warriors
  2 ice beasts
  2 black bears (D:9)
  2 phantoms
  3 eyes of draining
  3 sky beasts
  11 centaurs
  11 ogres
  3 big kobolds
  A crocodile (D:10)
  7 giant frogs
  2 elf zombies (Ossuary)
  3 wyvern skeletons
  Dowan (D:6)
  A vampire bat (D:8)
  2 scorpions
  6 killer bees
  9 wights
  5 crimson imps
  2 centaur zombies
  2 electric eels (D:11)
  3 giant frog zombies
  4 jellies
  27 orc priests
  4 centaur skeletons
  7 hounds
  3 iguanas
  21 orc wizards
  6 worker ants
  Terence (D:2)
  Natasha (thrice) (D:2)
  A big kobold zombie (Ossuary)
  2 hound skeletons
  3 mummies (Ossuary)
  3 worker ant zombies (D:5)
  23 adders
  3 shadow imps
  An ooze (D:2)
  2 adder skeletons
  7 adder zombies
  6 worms
  146 orcs
  A ball python (D:3)
  6 bat skeletons
  2 bat zombies (D:8)
  3 giant cockroaches
  3 gnoll zombies (Ossuary)
  12 goblins
  31 hobgoblins
  8 jackals
  33 kobolds
  7 quokkas
  A ball python zombie (D:6)
  10 bats
  6 giant geckos
  A giant gecko skeleton (D:5)
  3 giant newts
  3 goblin zombies (Ossuary)
  2 hobgoblin zombies (Ossuary)
  3 jackal zombies (Ossuary)
  3 kobold zombies (Ossuary)
  2 orc zombies (Ossuary)
  3 quokka zombies (Ossuary)
  25 rats
  5 rat zombies (Ossuary)
610 creatures vanquished.

Vanquished Creatures (collateral kills)
  Saint Roka (Orc:4)
  An orc high priest (Orc:4)
  A hill giant (D:11)
  A griffon (D:8)
  An orc sorcerer (Orc:4)
  A kobold demonologist (D:10)
  Prince Ribbit (D:8)
  2 yaks (D:9)
  Eustachio (D:4)
  A wyvern (D:9)
  A vampire mosquito (D:10)
  A steam dragon (D:4)
  A necrophage (D:8)
  3 ogres
  A sky beast (D:8)
  A giant frog (D:12)
  A centaur (D:12)
  A crimson imp (D:7)
  3 orc wizards
  A jelly (D:10)
  A worker ant (D:10)
  2 sheep (D:11)
  9 orcs
  3 bats (D:8)
  A hobgoblin (D:4)
  A quokka (D:7)
  3 kobolds
  A rat (D:10)
46 creatures vanquished.

Vanquished Creatures (others)
  Duvessa (D:6)
  A goblin (D:1)
  A fungus (D:8)
3 creatures vanquished.

Grand Total: 659 creatures vanquished

Notes
Turn   | Place    | Note
--------------------------------------------------------------
     0 | D:1      | Chiseanne the Demonspawn Wanderer began the quest for the Orb.
     0 | D:1      | Chiseanne set off with: a +2 spear, a potion of curing, a +0 buckler, a +0 robe, a bread ration
     0 | D:1      | Reached XP level 1. HP: 18/18 MP: 1/1
   179 | D:1      | Gained mutation: You are partially covered in rugged brown scales (AC +1, +3% HP). [demonic ancestry]
   179 | D:1      | Reached XP level 2. HP: 9/24 MP: 2/2
  1249 | D:2      | Gained mutation: You have sharp toenails. [demonic ancestry]
  1249 | D:2      | Reached XP level 3. HP: 18/29 MP: 3/3
  1800 | D:2      | Reached XP level 4. HP: 17/36 MP: 4/4
  1806 | D:2      | HP: 1/36 [poisoned by an adder]
  2105 | D:2      | Reached skill level 1 in Armour
  2162 | D:2      | Noticed Natasha
  2171 | D:2      | Killed Natasha
  2317 | D:2      | Noticed Sigmund
  2647 | D:2      | Noticed Natasha
  2653 | D:2      | Killed Natasha
  2683 | D:2      | Killed Sigmund
  2683 | D:2      | Reached skill level 4 in Fighting
  2683 | D:2      | Gained mutation: You are mostly covered in rugged brown scales (AC +2, +5% HP). [demonic ancestry]
  2683 | D:2      | Reached XP level 5. HP: 34/44 MP: 5/5
  2683 | D:2      | Gained mutation: You have razor-sharp toenails. [demonic ancestry]
  2683 | D:2      | Reached XP level 6. HP: 38/50 MP: 6/6
  2998 | D:2      | Noticed Natasha
  3004 | D:2      | Killed Natasha
  3239 | D:2      | Found a glowing silver altar of Zin.
  3239 | D:2      | Noticed an angel
  3782 | D:3      | Found a shadowy altar of Dithmenos.
  3805 | D:3      | Found a sacrificial altar of Ru.
  3851 | D:3      | Found an iron altar of Okawaru.
  3903 | D:3      | Noticed Terence
  3984 | D:2      | Killed Terence
  4360 | D:3      | Found a glowing golden altar of the Shining One.
  4361 | D:3      | Found a shattered altar of Ashenzari.
  4600 | D:4      | Found Tenah's Jewellery Boutique.
  4608 | D:4      | Bought a cursed ring of loudness for 49 gold pieces
  4608 | D:4      | Bought a cursed -5 ring of evasion for 22 gold pieces
  4608 | D:4      | Bought a cursed -3 ring of dexterity for 22 gold pieces
  4657 | D:4      | Found a sand-covered staircase.
  4662 | Ossuary  | Entered an ossuary
  5085 | Ossuary  | Gained mutation: A weak demonic guardian rushes to your aid. [demonic ancestry]
  5085 | Ossuary  | Reached XP level 7. HP: 53/57 MP: 7/7
  5144 | Ossuary  | Reached skill level 5 in Fighting
  5777 | D:4      | Found Sunahim's Food Shop.
  5854 | D:4      | Found a staircase to the Ecumenical Temple.
  5856 | D:4      | Noticed Eustachio
  5865 | D:4      | Killed Eustachio
  5871 | Temple   | Entered the Ecumenical Temple
  6678 | D:5      | Entered Level 5 of the Dungeon
  6696 | D:5      | Reached skill level 6 in Fighting
  6696 | D:5      | Reached XP level 8. HP: 51/67 MP: 8/8
  6995 | D:5      | Found Udigaah's Gadget Shop.
  7064 | D:5      | Reached skill level 5 in Armour
  7268 | D:3      | Found an opulent altar of Gozag.
  7268 | D:3      | Found a burning altar of Makhleb.
  7276 | D:3      | Became a worshipper of Gozag Ym Sagoz the Greedy
  7729 | D:5      | Reached skill level 7 in Fighting
  8798 | D:6      | Noticed kinazarov's ghost (experienced FoMo)
  8891 | D:7      | Gained mutation: You have claws for feet. [demonic ancestry]
  8891 | D:7      | Reached XP level 9. HP: 47/76 MP: 9/9
  9328 | D:6      | Noticed Dowan
  9330 | D:6      | Noticed Duvessa
  9337 | D:6      | Duvessa (ally) was killed
  9337 | D:6      | Your ally died
  9356 | D:6      | Killed Dowan
  9356 | D:6      | Reached skill level 5 in Dodging
  9446 | D:6      | Reached skill level 8 in Fighting
 10006 | D:7      | Found a blossoming altar of Fedhas.
 10206 | D:8      | Found a deep blue altar of Sif Muna.
 10397 | D:7      | Found a radiant altar of Vehumet.
 11401 | D:8      | Found a staircase to the Lair.
 11643 | D:8      | Noticed Prince Ribbit
 11655 | D:8      | Killed Prince Ribbit
 11769 | D:8      | Found an ancient bone altar of Kikubaaqudgha.
 11795 | D:8      | Reached skill level 9 in Fighting
 11828 | D:8      | Noticed a cyclops
 11864 | D:8      | Killed a cyclops
 12405 | D:9      | Noticed a griffon
 12431 | D:8      | Killed a griffon
 12431 | D:8      | Reached XP level 10. HP: 55/87 MP: 10/10
 14410 | D:9      | Reached skill level 10 in Fighting
 14430 | D:10     | Entered Level 10 of the Dungeon
 15438 | D:10     | Noticed a rust devil
 16091 | D:10     | Found Noun's Armour Shop.
 16112 | D:10     | Bought the +2 ring mail "Delef" {rC+ Dex+4} for 509 gold pieces
 16112 | D:10     | Bought a +1 cloak of invisibility for 231 gold pieces
 16281 | D:10     | Gained mutation: Your flesh is heat resistant. [demonic ancestry]
 16281 | D:10     | Reached XP level 11. HP: 33/96 MP: 11/11
 16292 | D:10     | Reached skill level 11 in Fighting
 16745 | D:10     | Found Sitref's Antique Armour Boutique.
 16779 | D:10     | Bought a helmet for 135 gold pieces
 17600 | D:10     | Got an ancient amber ring
 17602 | D:10     | Identified the ring of Munulo {AC+4 Int+3} (You found it on level 10 of the Dungeon)
 17630 | D:11     | Noticed an unseen horror
 17678 | D:11     | Killed an unseen horror
 17678 | D:11     | Reached skill level 10 in Armour
 18173 | D:11     | Noticed a hill giant
 18178 | D:11     | Killed a hill giant
 18247 | D:11     | Found a staircase to the Orcish Mines.
 18247 | D:11     | Found Akugoso's Armour Boutique.
 18348 | D:11     | Noticed Tyryt0's ghost (experienced MiFi)
 18776 | D:11     | Noticed an eight-headed hydra
 19150 | D:12     | Noticed an ice devil
 19262 | D:12     | Got a steaming ring mail
 19273 | D:12     | Identified the cursed +0 ring mail of Spite {rC+ rCorr} (You found it on level 12 of the Dungeon)
 19612 | D:12     | Noticed a hill giant
 19639 | D:12     | Killed a hill giant
 19783 | D:12     | Reached skill level 12 in Fighting
 20138 | D:12     | Noticed Rupert
 20146 | D:12     | Paralysed by Rupert for 2 turns
 20358 | D:12     | Noticed Maud
 20389 | D:12     | Killed Maud
 21196 | D:12     | Gained mutation: You are immune to clouds of flame. [demonic ancestry]
 21196 | D:12     | Reached XP level 12. HP: 107/107 MP: 12/12
 21275 | D:11     | Killed Tyryt0's ghost
 21275 | D:11     | Reached skill level 1 in Long Blades
 21319 | Orc:1    | Entered Level 1 of the Orcish Mines
 21646 | D:11     | Noticed a hill giant
 21682 | D:11     | Killed a hill giant
 21746 | D:11     | Noticed Snorg
 22242 | D:11     | Noticed Erica
 22280 | D:11     | Killed Erica
 22280 | D:11     | Reached skill level 5 in Shields
 22719 | D:11     | Killed a one-headed hydra
 22922 | D:11     | Noticed Josephine
 22931 | D:11     | Killed Josephine
 23146 | D:11     | Found a shattered altar of Ashenzari.
 23198 | D:11     | HP: 5/108 [Snorg (23)]
 23198 | D:11     | HP: 1/108 [Snorg (4)]
 23927 | Orc:1    | Found Joacied's Magic Scroll Shop.
 23933 | Orc:1    | Bought a scroll of enchant weapon for 90 gold pieces
 23933 | Orc:1    | Bought a scroll of enchant armour for 90 gold pieces
 23933 | Orc:1    | Bought a scroll of fog for 24 gold pieces
 23933 | Orc:1    | Bought a scroll of identify for 24 gold pieces
 23933 | Orc:1    | Bought a scroll of holy word for 90 gold pieces
 23933 | Orc:1    | Bought a scroll of identify for 24 gold pieces
 23933 | Orc:1    | Bought 3 scrolls of magic mapping for 126 gold pieces
 23933 | Orc:1    | Bought a scroll of identify for 24 gold pieces
 23972 | Orc:2    | Found an iron altar of Okawaru.
 24380 | Orc:3    | Found a staircase to the Elven Halls.
 24458 | Orc:3    | Noticed Maurice
 24477 | Orc:3    | Killed Maurice
 24495 | Orc:3    | Paralysed by an orc sorcerer for 4 turns
 25111 | Orc:3    | You fall through a shaft!
 25111 | Orc:4    | Entered Level 4 of the Orcish Mines
 25693 | Orc:3    | Found Marchasui's Book Shop.
 25862 | Orc:2    | Noticed Urug
 25888 | Orc:3    | Killed Urug
 26252 | Orc:3    | Reached skill level 5 in Long Blades
 26620 | Orc:4    | Noticed Saint Roka
 27717 | Orc:4    | Killed Saint Roka
 27717 | Orc:4    | Reached skill level 10 in Dodging
 27717 | Orc:4    | Reached XP level 13. HP: 77/114 MP: 13/13
 27889 | Orc:4    | Found Seescheg's Food Shoppe.
 28364 | Orc:4    | HP: 2/114 [orc priest/divine providence (14)]
 30449 | Orc:4    | Reached skill level 13 in Fighting
 31278 | Orc:4    | Found Xoxkiarad's Magic Scroll Shop.
 31278 | Orc:4    | Found Razutya's Magic Scroll Shoppe.
 31281 | Orc:4    | Found Luummety's Book Shop.
 31281 | Orc:4    | Found Gupyinam's Weapon Shoppe.
 31293 | Orc:4    | Bought a scroll of recharging for 161 gold pieces
 31293 | Orc:4    | Bought a scroll of identify for 34 gold pieces
 31293 | Orc:4    | Bought a scroll of silence for 127 gold pieces
 31298 | Orc:4    | Bought a scroll of enchant armour for 135 gold pieces
 31298 | Orc:4    | Bought a scroll of identify for 36 gold pieces
 31375 | Orc:3    | HP: 5/116 [ogre/giant club[an orc high priest] (27)]
 31376 | Orc:3    | HP: 2/116 [troll[an orc knight] (3)]
 31377 | Orc:3    | Mangled by a troll

Vault maps used:
D:1:      ncdulo_lavacross, st_stairs_11, lemuel_old_faithful
D:2:      zin_angel, uniq_natasha, uniq_sigmund
D:3:      grunt_dithmenos_smoke_and_mirrors, old_standard_altar,
          nicolae_overflow_hidden_temple, first_bread, lemuel_statue_altar,
          uniq_terence
D:4:      minmay_temple_entry_overgrown, serial_shops, shop,
          kennysheep_mini_moat, enter_ossuary_2, uniq_eustachio
D:5:      serial_shops, shop_statue
D:6:      uniq_duvessa
D:7:      fedhas_altar_4, old_standard_altar, grunt_ogre_cave, kennysheep_potato
D:8:      kennysheep_vampire_church, nicolae_overflow_crystal_walls,
          due_lair_maze_entry_diamond, uniq_prince_ribbit1
D:10:     serial_shops, shop
D:11:     orc_david_3, ashenzari_altar_1, uniq_josephine, uniq_snorg, uniq_erica
D:12:     uniq_rupert, uniq_maud
Temple:   minmay_temple_bridge_a_8
Orc:1:    portal_ice_cave_entry_pillars_01, serial_shops, shop,
          nicolae_orc_lava_room
Orc:2:    nicolae_volcano_entry_lava_flow, okawaru_metal_pillars_1_2, uniq_urug
Orc:3:    serial_shops, shop, nicolae_orc_pool_cavern, uniq_maurice
Orc:4:    grunt_orc_tribal_feast, serial_shops, shop, abandoned_shop,
          uniq_saint_roka
Ossuary:  minmay_ossuary_two_tombs

Action                   |  1- 3 |  4- 6 |  7- 9 | 10-12 | 13-15 || total
-------------------------+-------+-------+-------+-------+-------++-------
Melee: Spear             |   127 |   368 |   718 |   404 |       ||  1617
       Dagger            |       |       |   322 |   194 |       ||   516
       Long sword        |       |       |       |   406 |       ||   406
       Scimitar          |       |       |       |   639 |   305 ||   944
       Flail             |       |       |       |    15 |       ||    15
 Fire: Blowgun           |       |       |       |    92 |    44 ||   136
Throw: Tomahawk          |       |       |    13 |     4 |       ||    17
       Throwing net      |       |       |       |       |     1 ||     1
Invok: Potion Petition   |       |       |       |     8 |     1 ||     9
       Call Merchant     |       |       |       |     1 |       ||     1
Evoke: Wand              |       |     3 |    16 |     8 |     2 ||    29
       Stone of tremors  |       |       |       |     2 |       ||     2
       Phial of floods   |       |       |       |     1 |     1 ||     2
  Use: Scroll            |     5 |     7 |     9 |    18 |     4 ||    43
       Potion            |       |     1 |     1 |    13 |     6 ||    21
 Stab: Distracted        |       |       |     2 |     9 |     3 ||    14
       Sleeping          |       |       |       |     1 |       ||     1
       Invisible         |       |       |       |     5 |       ||     5
  Eat: Chunk             |     3 |     9 |     6 |       |       ||    18
       Fruit             |       |     1 |       |     2 |       ||     3
       Pizza             |       |     1 |     1 |     1 |       ||     3
       Beef jerky        |       |       |    10 |       |       ||    10
       Bread ration      |       |       |     2 |    13 |     2 ||    17
